Map: Central Protocol

Players

Miltreta - Winner!

  • Race: Terran Terran
  • League: Bronze

XelDanieck

  • Race: Protoss Protoss
  • League: Bronze

VOD

Have the link to the VOD?

Description

Time

  • Played on: March 14, 2016, 10:30 a.m.
  • Length: 11:15
Show
View Real Time Build Order
Export as new Build Order

Miltreta Terran - Winner!

Build Orders:  

Get SALT Encoding   

  12  0:01  SCV  
  13  0:13  SCV  
  14  0:22  Supply Depot  
  14  0:26  SCV  
  15  0:44  SCV  
  15  0:46  Barracks  
  16  0:58  SCV  
  16  1:01  Refinery  
  16  1:04  Supply Depot  
  17  1:10  SCV  
  18  1:24  SCV  
  19  1:33  Marine  
  20  1:49  SCV  
  20  1:51  Marine  
  22  2:03  Refinery  
  22  2:06  Orbital Command  
  22  2:13  Barracks Reactor  
  22  2:16  Barracks  
  22  2:33  Factory  
  22  2:47  Barracks  
  22  2:59  Factory  
  22  3:01  SCV  
  23  3:08  Barracks Tech Lab  
  23  3:09  Marine x2  
  25  3:19  Factory Tech Lab  
  25  3:27  SCV  
  26  3:28  Starport  
  26  3:29  Marine  
  26  3:30  Marine  
  28  3:39  SCV  
  29  3:46  Bunker  
  29  3:52  Factory Tech Lab  
  29  4:00  Siege Tank  
  32  4:03  Supply Depot  
  32  4:06  Supply Depot  
  32  4:08  Barracks Reactor  
  32  4:09  Supply Depot  
  32  4:10  Starport Reactor  
  32  4:45  Command Center  
  32  4:49  SCV  
  32  4:51  Armory  
  33  4:55  Marine  
  33  4:56  Marine  
  35  5:11  SCV  
  36  5:16  Supply Depot  
  36  5:20  Siege Tank  
  39  5:23  SCV  
  39  5:25  Medivac  
  42  5:30  Medivac  
  42  5:35  SCV  
  45  5:48  Terran Vehicle Weapons Level 1  
  45  6:49  Marine x2  
  45  6:50  Marine x2  
  45  6:53  Siege Tank  
  45  6:54  Siege Tank  
  55  6:55  Medivac  
  57  7:40  Marine x2  
  59  8:15  Marine x2  
  59  8:16  Marine  
  62  8:28  Marine  
  62  8:32  Siege Tank  
  66  8:42  Marine x2  
  70  8:55  Marauder  
  70  8:58  Concussive Shells  
  70  9:10  Supply Depot, Orbital Command  
  70  9:12  Supply Depot x2  
  70  9:30  Barracks  
  65  9:42  Marine x5  
  65  9:45  Siege Tank, Thor  
  73  9:46  Medivac  
  73  9:47  Medivac  
  83  10:29  Marine  
  83  10:30  Marine x3  
  83  10:32  Marauder  
  83  10:33  Siege Tank x2  
Show
View Real Time Build Order
Export as new Build Order

XelDanieck Protoss 

Build Orders:  

Get SALT Encoding   

  12  0:01  Probe (Chrono Boost)  
  13  0:12  Probe (Chrono Boost)  
  14  0:27  Pylon  
  14  0:34  Probe (Chrono Boost)  
  15  0:49  Gateway  
  15  0:54  Probe (Chrono Boost)  
  16  1:00  Gateway  
  16  1:11  Probe (Chrono Boost)  
  17  1:18  Forge  
  17  1:37  Zealot  
  19  1:48  Zealot  
  21  1:57  Probe (Chrono Boost)  
  21  1:58  Photon Cannon  
  22  2:01  Photon Cannon  
  22  2:13  Pylon  
  22  2:19  Zealot  
  23  2:34  Cybernetics Core  
  23  3:04  Pylon  
  23  3:13  Probe (Chrono Boost)  
  24  3:24  Probe (Chrono Boost)  
  25  3:34  Nexus  
  25  3:44  Pylon  
  25  3:51  Probe (Chrono Boost)  
  26  4:00  Assimilator  
  26  4:02  Probe (Chrono Boost)  
  27  4:05  Assimilator  
  27  4:12  Probe (Chrono Boost)  
  27  4:13  Photon Cannon  
  27  4:15  Photon Cannon  
  28  4:23  Probe (Chrono Boost)  
  28  4:24  Zealot x2  
  33  4:33  Probe (Chrono Boost)  
  33  4:35  Gateway  
  34  4:38  Gateway  
  34  4:44  Gateway  
  34  4:52  Probe (Chrono Boost)  
  35  5:02  Probe (Chrono Boost)  
  35  5:05  Probe (Chrono Boost)  
  37  5:13  Probe (Chrono Boost)  
  38  5:16  Probe (Chrono Boost)  
  38  5:17  Zealot x2  
  43  5:23  Probe (Chrono Boost)  
  43  5:26  Probe (Chrono Boost)  
  45  5:32  Protoss Ground Armor Level 1  
  45  5:39  Probe (Chrono Boost)  
  47  5:42  Probe (Chrono Boost)  
  48  5:50  Probe (Chrono Boost)  
  48  5:53  Probe (Chrono Boost)  
  48  5:56  Cybernetics Core  
  49  6:00  Probe (Chrono Boost)  
  49  6:01  Twilight Council  
  49  6:03  Probe (Chrono Boost)  
  51  6:08  Robotics Facility  
  51  6:11  Probe (Chrono Boost)  
  52  6:14  Probe (Chrono Boost)  
  53  6:21  Zealot x2  
  53  6:23  Stalker  
  53  6:24  Stalker  
  61  6:35  Assimilator  
  61  6:40  Assimilator  
  61  6:53  Pylon  
  61  6:57  Pylon  
  61  7:03  Pylon  
  61  7:05  Observer  
  62  7:11  Stalker  
  62  7:13  Charge  
  62  7:33  Photon Cannon  
  62  7:41  Pylon  
  58  8:37  Zealot x3  
  58  8:38  Zealot x2  
  68  9:16  Stalker x3  
  68  9:17  Stalker  
  76  9:18  Stalker  
  58  9:39  Probe (Chrono Boost)  
  59  9:46  Observer  
  59  9:50  Probe (Chrono Boost)  
  61  9:55  Pylon  
  61  9:56  Pylon  
  61  9:59  Pylon  
  61  10:00  Probe (Chrono Boost)  
  62  10:11  Probe (Chrono Boost)  
  63  10:21  Probe (Chrono Boost)  
Tags
 
Add a new tag
Caveats
  • Supply blocks, unpowered buildings, or Contaminate may cause inaccurate times.
  • Supply counts are checked every 10 seconds.